 Dungeon Crawl Stone Soup version 0.29-a0-993-g4a18f31a58 (webtiles) character file.

Game seed: 15357468905544342041

0 gelatine the Conjurer (level 1, -3/13 HPs)
             Began as a Demonspawn Conjurer on Aug 3, 2022.
             Slain by a goblin
             ... wielding a +0 club
              (4 damage)
             ... on level 1 of the Dungeon.
             The game lasted 00:00:27 (36 turns).

gelatine the Conjurer (Demonspawn Conjurer)           Turns: 36, Time: 00:00:28

Health: -3/13      AC:  2    Str:  7    XL:     1   Next: 8%
Magic:  2/3        EV: 12    Int: 19    God:
Gold:   0          SH:  0    Dex: 11    Spells: 3/4 levels left

rFire   . . .      SeeInvis .   (no weapon)
rCold   . . .      Faith    .   (no shield)
rNeg    . . .      Spirit   .   a - +0 robe
rPois   .          Reflect  .   (no helmet)
rElec   .          Harm     .   (no cloak)
rCorr   .          Rampage  .   (no gloves)
Will    .....                   (no boots)
Stlth   ++........              (no amulet)
HPRegen 0.04/turn               (no ring)
MPRegen 0.08/turn               (no ring)

@: no status effects
A: no striking features
a: no special abilities


You were on level 1 of the Dungeon.
You visited 1 branch of the dungeon, and saw 1 of its levels.

Inventory:

Armour
 a - a +0 robe (worn)
Magical Staves
 d - a staff of poison
Scrolls
 c - a scroll of amnesia {unknown}
Potions
 b - a potion of magic


   Skills:
 + Level 1.7 Dodging
 + Level 1.7 Stealth
 + Level 2.0 Spellcasting
 + Level 4.0 Conjurations


You had 3 spell levels left.
You knew the following spells:

 Your Spells              Type           Power      Damage    Failure   Level
a - Magic Dart            Conj           68%        1d6       3%          1

Your spell library contained the following spells:

 Spells                   Type           Power      Damage    Failure   Level
 Searing Ray              Conj           34%        2d5       4%          2
 Dazzling Flash           Conj/Hex       18%        N/A       22%         3
 Fulminant Prism          Conj/Hex       4%         3d6       58%         4
 Iskenderun's Mystic Bla  Conj/Tloc      9%         2d4       58%         4


Dungeon Overview and Level Annotations

Branches:
Dungeon (1/15)

Altars:


Message History

c - a scroll labelled CONNI BIAZISCH A kobold comes into view.
It is wielding a +0 short sword.
The kobold shouts!
The magic dart hits the kobold.
The kobold is moderately wounded.
A hobgoblin comes into view.
The magic dart hits the kobold but does no damage.
The kobold is moderately wounded.
The hobgoblin shouts!
A hobgoblin comes into view.
The magic dart hits the kobold.
You kill the kobold!
The hobgoblin shouts!
You hear a shout!
Found an escape hatch in the floor.
Found a leather armour.
There is an escape hatch in the floor here.
Found a mace.
Found a crooked smoking staff.
A goblin comes into view. It is wielding a +0 club.
The goblin shouts!
The goblin moves out of view.
Found 11 gold pieces.
You see here a staff of poison.
d - a staff of poison The goblin hits you with a +0 club.
The hobgoblin attacks as you move away!
The hobgoblin hits you. 2 endoplasms come into view.
The goblin attacks as you move away! The goblin hits you with a +0 club.
The goblin attacks as you move away! The goblin hits you but does no damage.
The goblin hits you with a +0 club.
* * * LOW HITPOINT WARNING * * *
Found a scroll labelled QORPHIM VYPHIMA.
The endoplasm quivers.
The hobgoblin closely misses you. The goblin attacks as you move away!
The goblin hits you but does no damage. The hobgoblin attacks as you move away!
The hobgoblin hits you.
* * * LOW HITPOINT WARNING * * *
The goblin attacks as you move away! The goblin closely misses you.
The goblin attacks as you move away! The goblin hits you with a +0 club.
You die...

#...# ...# ...######
....... . ..J..#
...########....# .
........g......##...
.......@gg..#...J.#
.##..............#
....#...##..####..#
.........#.## .###
...........## ##...##
......$[....####.....##
......................#
..?...................#
....?.....#........#


You could see an endoplasm, 2 hobgoblins and a goblin.

Vanquished Creatures
  A kobold (D:1)
1 creature vanquished.

Notes
Turn   | Place    | Note
-------+----------+-------------------------------------------
     0 | D:1      | gelatine the Demonspawn Conjurer began the quest for the
                  | Orb.
     0 | D:1      | Reached XP level 1. HP: 13/13 MP: 3/3
    36 | D:1      | Slain by a goblin

Illustrated notes

Levels and vault maps discovered:
D:1:      minmay_arrival_five_plusses, layout_rooms, serial_shops, shop,
          shop_statue, minmay_misc_feat_cross, chequers_serial_rivers_small_3

Action                   || total
-------------------------++-------
 Cast: Magic Dart        ||     3
Armor: Robe              ||     2
Dodge: Dodged            ||     2

Table legend: (Time is in decaauts)
 A = Elapsed time spent in this place.
 B = Non-inter-level travel time spent in this place.
 C = Inter-level travel time spent in this place.
 D = Time resting spent in this place.
 E = Time spent auto-exploring this place.
 F = Levels seen in this place.
 G = Mean time per level.
                   A        B        C        D        E       F      G
               +--------+--------+--------+--------+--------+-----+--------+
         Total |     36 |     36 |      0 |      0 |      6 |   1 |   36.0 |
       Dungeon |     36 |     36 |      0 |      0 |      6 |   1 |   36.0 |
               +--------+--------+--------+--------+--------+-----+--------+

Top non-repeatable levels by time:
     D:1: 36 daAuts
